 Dungeon Crawl Stone Soup version 0.29-a0-925-g0a7a3d12f8 (webtiles) character file.

Game seed: 14559548704803767518

123 Garessta the Changer (level 5, -6/34 HPs)
             Began as an Octopode Transmuter on July 29, 2022.
             Killed from afar by an orc wizard (8 damage)
             ... with a magic dart
             ... on level 3 of the Dungeon.
             The game lasted 00:04:31 (2015 turns).

Garessta the Changer (Octopode Transmuter)          Turns: 2015, Time: 00:04:31

Health: -6/34      AC:  2    Str: 16    XL:     5   Next: 7%
Magic:  9/9        EV: 19    Int: 17    God:
Gold:   93         SH:  0    Dex: 17    Spells: 4/10 levels left

rFire   . . .      SeeInvis .     - Unarmed
rCold   . . .      Faith    .   (shield currently unavailable)
rNeg    . . .      Spirit   .   (helmet currently unavailable)
rPois   x          Reflect  .   (no amulet)
rElec   .          Harm     .   h - +6 ring of strength
rCorr   .          Rampage  .   (no ring)
Will    .....                   (no ring)
Stlth   +.........              (no ring)
HPRegen 0.11/turn               (no ring)
MPRegen 0.11/turn               (no ring)
                                (no ring)
                                (no ring)

@: confused, spider-form (expiring)
A: venomous fangs, almost no armour, (amphibious), 8 rings, tiny, (camouflage
1), (gelatinous body 1), (nimble swimmer 1), (tentacles)
a: End Transformation


You were on level 3 of the Dungeon.
You were a venomous arachnid creature.
You visited 1 branch of the dungeon, and saw 3 of its levels.

You collected 93 gold pieces.

Inventory:

Jewellery
 h - a +6 ring of strength (left front leg)
Scrolls
 b - a scroll of enchant armour {unknown}
 c - 3 scrolls of identify {unknown}
 e - a scroll of teleportation {unknown}
 g - a scroll of poison {unknown}
 i - a scroll of enchant weapon {unknown}
Potions
 a - a potion of lignification
 d - a potion of degeneration {unknown}
 f - a potion of magic
 j - a potion of brilliance {unknown}
 k - a potion of mutation {unknown}


   Skills:
 + Level 1.8 Fighting
 + Level 2.4 Dodging
 - Level 3.0 Unarmed Combat
 + Level 3.0 Spellcasting
 + Level 3.3 Transmutations
 + Level 1.5 Poison Magic


You had 4 spell levels left.
You knew the following spells:

 Your Spells              Type           Power      Damage    Failure   Level
a - Beastly Appendage     Tmut           26%        N/A       14%         1
b - Wereblood             Tmut           13%        N/A       19%         2
c - Spider Form           Tmut/Pois      10%        N/A       38%         3

Your spell library contained the following spells:

 Spells                   Type           Power      Damage    Failure   Level
 Apportation              Tloc           4%         N/A       36%         1
 Ice Form                 Ice/Tmut       8%         N/A       83%         4
 Alistair's Intoxication  Tmut/Pois      6%         N/A       96%         5


Dungeon Overview and Level Annotations

Branches:
Dungeon (3/15)

Altars:


Innate Abilities, Weirdness & Mutations

You are a venomous arachnid creature.
You have poisonous fangs.
You are tiny and dextrous.
Your spellcasting is less reliable in this form.
Your armour is entirely melded.
You are incapable of wielding weapons or throwing items.
You cannot wear most types of armour.
((You are amphibious.))
You can wear up to eight rings at the same time.
((Your skin changes colour to match your surroundings (Stealth+).))
((Your rubbery body absorbs attacks. (AC +1, EV +1)))
((You are camouflaged when in or above water. (Stealth+)))
((You have tentacles for arms and can constrict up to eight enemies at once.))


Message History

The orc wizard mumbles some strange words.
The orc wizard flickers and vanishes!
Deactivating autopickup; reactivate with Ctrl-A.
You completely miss the orc. The orc misses you. The orc barely misses you.
You bite the orc!
You kill the orc!
The orc closely misses you.
You hear some strange, mumbled words.
A puff of flame appears from out of thin air!
The puff of flame hits you!
You hit something. The orc completely misses you. The orc closely misses you.
Something hits you.
You hit the orc.
The orc is poisoned.
The orc is heavily wounded.
Your transformation is almost over.
The orc completely misses you. Something hits you but does no damage.
You hit the orc but do no damage.
The orc looks even sicker.
The orc is heavily wounded.
The orc misses you. Something hits you.
You hit the orc.
The orc looks as sick as possible!
The orc is severely wounded.
You hit the orc.
You kill the orc!
You hear some strange, mumbled words.
A puff of flame appears from out of thin air!
The puff of flame hits you.
* * * LOW HITPOINT WARNING * * *
You hit something.
You hear some strange, mumbled words.
A magic dart appears from out of thin air!
The magic dart hits you.
* * * LOW HITPOINT WARNING * * *
You barely miss something.
You hear some strange, mumbled words.
You are confused.
It was a potion of magic.
Magic courses through your body.
You hear some strange, mumbled words.
A magic dart appears from out of thin air!
The magic dart hits you!
You die...

..# .. ### ..
..# ##. #.# .. #
###.# .#
#.##...##.##.##^
#.......s)......
#.##.#?{#..####.
#.......#..#
#.##.[>.#....
###..##....
#.####..# ....#
#.....).# #...#
######.## ....
#.#


There were no monsters in sight!

Vanquished Creatures
  2 orc wizards (D:3)
  2 adders (D:2)
  2 orcs (D:3)
  4 endoplasms
  4 giant cockroaches (D:1)
  A goblin (D:1)
  4 hobgoblins
  3 jackals (D:1)
  4 quokkas
  4 ball pythons
  6 bats
  5 frilled lizards (D:1)
  2 kobolds (D:1)
  8 rats
51 creatures vanquished.

Notes
Turn   | Place    | Note
-------+----------+-------------------------------------------
     0 | D:1      | Garessta the Octopode Transmuter began the quest for the
                  | Orb.
     0 | D:1      | Reached XP level 1. HP: 13/13 MP: 3/3
   139 | D:1      | Reached XP level 2. HP: 11/18 MP: 3/5
   142 | D:1      | Learned a level 2 spell: Wereblood
   667 | D:1      | Reached XP level 3. HP: 22/23 MP: 2/6
   674 | D:1      | Learned a level 3 spell: Spider Form
  1519 | D:2      | Found a faded altar of an unknown god.
  1681 | D:2      | Reached skill level 1 in Poison Magic
  1681 | D:2      | Reached XP level 4. HP: 28/28 MP: 6/8
  2004 | D:3      | Reached XP level 5. HP: 26/34 MP: 2/9
  2015 | D:3      | Killed from afar by an orc wizard

Illustrated notes

Levels and vault maps discovered:
D:1:      psy_arrival_whirlpool, layout_loops_cross
D:2:      layout_loops_cross, basic_ecumenical_altar
D:3:      layout_loops_cross, uniq_crazy_yiuf_cottage

Skill      XL: |  1  2  3  4 |
---------------+-------------+-----
Transmutations | 3 |  3.3
Poison Magic   | 1 |  1.5
Spellcasting   | 3 |  3.0
Fighting       | |  1.8
Dodging        | |  2.4
Unarmed Combat | |  3.0

Action                   |  1- 3 |  4- 6 || total
-------------------------+-------+-------++-------
Melee: Unarmed           |    86 |    27 ||   113
       Constrict         |    30 |     1 ||    31
       Kick              |    30 |     1 ||    31
       Tentacles         |    16 |       ||    16
       Punch             |     3 |     1 ||     4
 Cast: Beastly Appendage |    26 |     3 ||    29
       Wereblood         |     6 |     1 ||     7
       Spider Form       |       |     2 ||     2
  Use: Potion            |       |     1 ||     1
 Stab: Sleeping          |     5 |     1 ||     6
Armor: Skin              |    10 |     2 ||    12
Dodge: Dodged            |    51 |    18 ||    69

Table legend: (Time is in decaauts)
 A = Elapsed time spent in this place.
 B = Non-inter-level travel time spent in this place.
 C = Inter-level travel time spent in this place.
 D = Time resting spent in this place.
 E = Time spent auto-exploring this place.
 F = Levels seen in this place.
 G = Mean time per level.
                   A        B        C        D        E       F      G
               +--------+--------+--------+--------+--------+-----+--------+
         Total |   2008 |   1965 |     43 |    132 |   1502 |   3 |  669.3 |
       Dungeon |   2008 |   1965 |     43 |    132 |   1502 |   3 |  669.3 |
               +--------+--------+--------+--------+--------+-----+--------+

Top non-repeatable levels by time:
     D:1: 1154 daAuts
     D:2: 798 daAuts
     D:3: 55 daAuts
